 Dungeon Crawl Stone Soup version 0.30.0-19-g36f170ea60 (webtiles) character file.

Game seed: 16854626047168444334

116 croobank the Caller (level 4, 0/33 HPs)
             Began as a Demigod Summoner on May 29, 2023.
             Slain by an orc
             ... wielding a +0 flail
              (7 damage)
             ... on level 3 of the Dungeon.
             The game lasted 00:08:40 (2299 turns).

croobank the Caller (Demigod Summoner)              Turns: 2299, Time: 00:08:41

Health: 0/33       AC:  2    Str:  9    XL:     4   Next: 42%
Magic:  2/10       EV: 12    Int: 21    God:
Gold:   102        SH:  0    Dex: 14    Spells: 2/8 levels left

rFire   . . .        a - +3 dagger
rCold   . . .        (no shield)
rNeg    . . .        c - +0 robe
rPois   .            (no helmet)
rElec   .            (no cloak)
rCorr   .            (no gloves)
SInv    .            (no boots)
Will    .....        (no amulet)
Stlth   ++           (no ring)
HPRegen 0.25/turn    (no ring)
MPRegen 0.12/turn

%: no passive effects
@: no status effects
A: high MP 1, forlorn, divine attributes
a: no special abilities


You were on level 3 of the Dungeon.
You visited 1 branch of the dungeon, and saw 3 of its levels.

You collected 102 gold pieces.

Inventory:

Hand Weapons
 a - a +3 dagger (weapon)
 d - a +0 whip
 o - a +2 spear of pain
Armour
 c - a +0 robe (worn)
 l - a +0 leather armour
Jewellery
 j - a ring of magical power
Scrolls
 g - a scroll of fog {unknown}
 h - a scroll of noise {unknown}
 n - a scroll of poison {unknown}
Potions
 e - a potion of flight {unknown}
 f - a potion of heal wounds {unknown}
 i - 2 potions of lignification {unknown}
 k - a potion of degeneration {unknown}
 m - a potion of might {unknown}


   Skills:
 + Level 0.2 Fighting
 + Level 2.6 Dodging
 - Level 2.6 Stealth
 + Level 2.5 Spellcasting
 + Level 0.2 Hexes
 + Level 4.2 Summonings


You had 2 spell levels left.
You knew the following spells:

 Your Spells              Type           Power      Damage    Failure   Level
a - Summon Small Mammal   Summ           80%        N/A       2%          1
b - Call Imp              Summ           40%        N/A       3%          2
c - Call Canine Familiar  Summ           20%        N/A       8%          3

Your spell library contained the following spells:

 Spells                   Type           Power      Damage    Failure   Level
 Summon Guardian Golem    Hex/Summ       12%        N/A       17%         3
 Summon Lightning Spire   Summ/Air       11%        N/A       50%         4


Dungeon Overview and Level Annotations

Branches:
Dungeon (3/15)


Innate Abilities, Weirdness & Mutations

You have an increased reservoir of magic. (+10% MP)
You shall have no god before yourself.
Your divine heritage dramatically boosts your attributes as you level up.


Message History

Your cerulean imp barely misses the adder.
Your hound barely misses the adder.
The adder bites your cerulean imp but does no damage.
Your cerulean imp hits the adder but does no damage.
Your hound closely misses the adder.
You hit the orc but do no damage. The adder misses your cerulean imp.
Your quokka barely misses the adder.
Your hound closely misses the adder.
The orc hits you with a +0 flail.
Your cerulean imp barely misses the adder.
The adder barely misses your cerulean imp.
You hit the orc but do no damage. Your hound misses the adder.
Your quokka misses the adder. The orc barely misses you.
The adder bites your cerulean imp but does no damage.
Your cerulean imp hits the adder but does no damage.
Your hound closely misses the adder.
You hit the orc but do no damage.
Your quokka bites the adder.
The adder barely misses your cerulean imp.
The orc hits you with a +0 flail!
Your hound misses the adder.
Your cerulean imp closely misses the adder.
Your quokka barely misses the adder.
You hit the orc.
The orc is moderately wounded.
Your hound misses the adder.
The adder closely misses your cerulean imp.
The orc hits you with a +0 flail.
Your cerulean imp closely misses the adder.
Your quokka closely misses the adder.
Your hound bites the adder.
You closely miss the orc.
The orc is moderately wounded.
The adder completely misses your cerulean imp.
Your hound misses the adder. The orc hits you with a +0 flail!
* * * LOW HITPOINT WARNING * * *
Your quokka barely misses the adder.
Your cerulean imp hits the adder with a -2 spear.
The adder dies!
Your quokka completely misses the orc.
You closely miss the orc.
The orc is lightly wounded.
The orc hits you with a +0 flail!
You die...

##..# ....#####
........## # #...... ..
#.#.)..) ?...
.#.##.#.r.##..#.#.
........r........
.......oh5# .... ....#
##.#####@## ..# # ..#.#
#.###..#.# #.#.#
#......#.# #.#.#
###......#####.#.#
...#####..........#.#.#
............#####.#.#.#
########..#.........<.)
#.........>..#[.
#..#.#####.###..


You could see an orc (ally target), a friendly hound (summoned), a friendly
cerulean imp (summoned, poisoned) and 2 friendly quokkas.

Vanquished Creatures
  2 ball pythons
  2 endoplasms (D:2)
  A hobgoblin (D:3)
  A jackal (D:1)
  3 kobolds
  A quokka (D:3)
  A bat (D:2)
  2 frilled lizards
13 creatures vanquished.

Vanquished Creatures (collateral kills)
  A nameless horror (D:3)
  4 gnolls (D:3)
  An adder (D:3)
  2 worms (D:2)
  A dart slug (D:3)
  3 ball pythons
  4 endoplasms
  A giant cockroach (D:2)
  2 goblins
  5 hobgoblins
  8 jackals
  3 kobolds
  4 bats
  2 frilled lizards (D:3)
41 creatures vanquished.

Vanquished Creatures (others)
  A worm (D:3)
1 creature vanquished.

Grand Total: 55 creatures vanquished

Notes
Turn   | Place    | Note
-------+----------+-------------------------------------------
     0 | D:1      | croobank the Demigod Summoner began the quest for the Orb.
     0 | D:1      | Reached XP level 1. HP: 14/14 MP: 5/5
   301 | D:1      | Reached XP level 2. HP: 20/20 MP: 4/7
   318 | D:1      | Learned a level 2 spell: Call Imp
  1121 | D:2      | Reached XP level 3. HP: 26/26 MP: 3/8
  1525 | D:2      | Reached skill level 4 in Summonings
  1704 | D:3      | Learned a level 3 spell: Call Canine Familiar
  1721 | D:3      | Reached XP level 4. HP: 33/33 MP: 3/10
  1911 | D:3      | Noticed a nameless horror
  1943 | D:3      | Killed a nameless horror
  2299 | D:3      | Slain by an orc

Illustrated notes

Levels and vault maps discovered:
D:1:      dpeg_arrival_rhombus, layout_rooms,
          hellmonk_ecumenical_altar_prayer_group
D:2:      layout_basic, basic_altar
D:3:      layout_loops_ring, uniq_crazy_yiuf_cottage

Skill      XL: |  1  2  3 |
---------------+----------+-----
Stealth        | 2 |  2.6
Dodging        | 2 |  2.6
Spellcasting   | 2 |  2.5
Summonings     | 4 |  4.2
Fighting       | |  0.2
Hexes          | |  0.2

Action                     |  1- 3 |  4- 6 || total
---------------------------+-------+-------++-------
  Melee: Dagger            |    40 |    29 ||    69
         Punch             |       |     1 ||     1
   Cast: Summon Small Mamm |    39 |     6 ||    45
         Call Imp          |    12 |     5 ||    17
         Call Canine Famil |     2 |     4 ||     6
    Use: Potion            |       |     1 ||     1
   Stab: Sleeping          |     4 |       ||     4
 Armour: Robe              |    22 |     3 ||    25
  Dodge: Dodged            |    52 |    26 ||    78
